Map: Sanctuary III LE

Players

Arrogfire

  • Race: Protoss Protoss
  • League: Master
  • Spawn Location: 7:00

liquidclem (Clem) - Winner!

  • Race: Terran Terran
  • League: Grandmaster
  • Spawn Location: 1:00

Event: HomeStory Cup XXIX

VOD

Have the link to the VOD?

Description

Time

  • Played on: July 3, 2026, 2:10 p.m.
  • Length: 7:56

All games in this series

Show
View Real Time Build Order
Export as new Build Order

Arrogfire Protoss 

Build Orders:  

Get SALT Encoding   

  8  0:00  Probe (Chrono Boost)  
  9  0:13  Probe (Chrono Boost)  
  10  0:18  Probe (Chrono Boost)  
  11  0:27  Probe  
  12  0:32  Pylon  
  12  0:39  Probe  
  13  0:51  Probe  
  13  0:55  Gateway  
  14  1:03  Probe (Chrono Boost)  
  15  1:05  Assimilator  
  15  1:12  Probe (Chrono Boost)  
  15  1:17  Probe (Chrono Boost)  
  17  1:29  Probe  
  18  1:47  Nexus  
  18  1:51  Probe  
  19  1:57  Pylon  
  19  2:08  Cybernetics Core  
  19  2:12  Probe  
  20  2:18  Assimilator  
  20  2:24  Probe  
  21  2:36  Probe  
  22  2:44  Sentry (Chrono Boost)  
  22  2:45  Warp Gate  
  22  2:48  Probe  
  25  2:52  Gateway  
  24  2:59  Probe  
  24  3:00  Probe  
  26  3:06  Stalker (Chrono Boost)  
  26  3:11  Probe  
  29  3:19  Shield Battery  
  29  3:24  Probe  
  26  3:28  Stalker (Chrono Boost)  
  27  3:38  Probe  
  28  3:43  Probe  
  29  3:50  Probe  
  29  3:55  Probe  
  30  4:02  Probe  
  29  4:07  Probe  
  29  4:14  Probe (Chrono Boost)  
  33  4:22  Probe (Chrono Boost)  
  33  4:23  Twilight Council  
  30  4:26  Probe (Chrono Boost)  
  32  4:32  Probe (Chrono Boost)  
  32  4:34  Probe (Chrono Boost)  
  32  4:37  Stalker x2, Probe (Chrono Boost)  
  38  4:40  Probe (Chrono Boost)  
  39  4:46  Probe  
  39  4:50  Pylon  
  40  4:55  Probe  
  40  4:57  Blink (Chrono Boost)  
  41  5:02  Probe  
  42  5:07  Stalker  
  42  5:08  Probe  
  44  5:15  Probe (Chrono Boost)  
  44  5:16  Pylon  
  44  5:20  Probe (Chrono Boost)  
  46  5:25  Stalker  
  49  5:31  Probe (Chrono Boost)  
  49  5:32  Probe (Chrono Boost)  
  49  5:33  Gateway x2  
  50  5:36  Probe (Chrono Boost)  
  50  5:38  Probe  
  50  5:42  Shield Battery  
  52  5:48  Sentry  
  54  5:50  Probe  
  54  5:51  Pylon  
  54  5:52  Probe  
  56  5:58  Stalker  
  56  6:01  Assimilator  
  58  6:04  Pylon  
  58  6:06  Pylon  
  58  6:09  Probe x2  
  58  6:14  Stalker  
  54  6:21  Stalker  
  54  6:22  Probe x2  
  52  6:41  Stalker, Probe  
  52  6:46  Stalker  
  58  6:51  Stalker x2  
  58  6:54  Probe x2  
  63  6:55  Nexus  
  63  7:06  Probe x2  
  63  7:08  Stalker  
  65  7:11  Stalker  
  65  7:14  Stalker  
  69  7:18  Probe  
  69  7:22  Stalker  
  60  7:33  Stalker x2  
  58  7:43  Zealot  
  54  7:46  Stalker  
Show
View Real Time Build Order
Export as new Build Order

liquidclem Terran - Winner!

Build Orders:  

Get SALT Encoding   

  8  0:00  SCV  
  9  0:12  SCV  
  10  0:25  SCV  
  10  0:28  Supply Depot  
  11  0:37  SCV  
  12  0:49  SCV  
  13  0:54  Barracks  
  13  1:01  SCV  
  14  1:07  Refinery  
  14  1:13  SCV  
  15  1:23  Barracks  
  15  1:28  SCV  
  16  1:43  Orbital Command  
  16  1:49  Reaper  
  17  2:05  Supply Depot  
  17  2:08  SCV  
  17  2:15  Reaper  
  19  2:20  SCV  
  20  2:26  Reaper  
  21  2:32  SCV  
  22  2:43  Command Center  
  22  2:47  SCV  
  22  2:50  Refinery  
  23  2:59  SCV  
  23  3:01  Reaper  
  23  3:03  Reaper  
  26  3:06  Supply Depot  
  26  3:11  SCV  
  27  3:23  SCV  
  28  3:28  Barracks  
  28  3:35  SCV  
  28  3:37  Barracks Reactor  
  28  3:38  Barracks Tech Lab  
  29  3:47  SCV  
  29  3:57  Marine  
  29  4:00  Stimpack  
  29  4:02  Orbital Command, SCV  
  29  4:14  Marine x2  
  29  4:15  SCV, Marine  
  29  4:16  Barracks Tech Lab  
  32  4:21  Factory  
  32  4:27  SCV  
  32  4:28  SCV  
  34  4:31  Marine  
  34  4:32  Marine, Supply Depot  
  34  4:35  Marauder  
  34  4:37  Combat Shield  
  38  4:39  SCV  
  38  4:40  SCV  
  38  4:44  Marauder  
  42  4:49  Marine x2  
  42  4:51  SCV  
  42  4:52  SCV  
  46  4:55  Supply Depot  
  46  4:58  Marauder  
  48  5:03  SCV  
  48  5:04  SCV  
  50  5:07  Marine x2  
  50  5:12  Starport, Factory Reactor  
  52  5:15  Marauder, SCV  
  52  5:20  SCV  
  55  5:23  Supply Depot  
  55  5:26  Engineering Bay  
  55  5:29  Marine x2, SCV  
  55  5:34  Marauder  
  55  5:35  SCV  
  61  5:39  Refinery  
  61  5:43  SCV  
  61  5:46  Marauder  
  61  5:47  SCV  
  65  5:51  Supply Depot  
  65  5:53  Marine  
  65  5:54  Marine  
  65  5:56  Factory Reactor, SCV  
  68  5:59  SCV  
  68  6:00  Refinery  
  68  6:02  Marauder  
  71  6:06  Supply Depot  
  71  6:08  Medivac  
  71  6:10  SCV  
  70  6:12  Medivac  
  70  6:14  SCV  
  70  6:16  Marine x2  
  71  6:19  Factory Tech Lab  
  71  6:20  Marauder  
  72  6:26  Marauder  
  72  6:29  Supply Depot  
  72  6:30  SCV  
  75  6:35  Marine x2  
  75  6:38  SCV  
  75  6:41  Siege Tank, Marauder  
  75  6:44  Supply Depot  
  79  6:49  Marauder, Missile Turret  
  79  6:53  Supply Depot  
  81  6:55  Marine x2  
  81  6:57  Medivac  
  85  7:02  Medivac  
  85  7:04  Marauder  
  85  7:06  Supply Depot  
  86  7:08  Concussive Shells  
  86  7:12  Marauder  
  86  7:13  Marine x2  
  86  7:26  Marauder  
  86  7:27  SCV  
  86  7:31  Marine  
  86  7:33  Marauder  
  86  7:35  Barracks, Marine  
  86  7:36  Barracks  
  91  7:37  SCV  
Tags
 
Add a new tag
Caveats
  • Supply blocks, unpowered buildings, or Contaminate may cause inaccurate times.
  • Supply counts are checked every 10 seconds.